 Dungeon Crawl Stone Soup version 0.31-a0-174-g85c54bcb58 (webtiles) character file.

Game seed: 17321141459187636327

116 qw the Shooter (level 5, -6/32 HPs)
             Began as a Gargoyle Hunter on June 15, 2023.
             Killed from afar by an orc wizard (11 damage)
             ... with a puff of flame
             ... on level 3 of the Dungeon.
             The game lasted 00:00:42 (1646 turns).

qw the Shooter (Gargoyle Hunter)                    Turns: 1646, Time: 00:00:43

Health: -6/32      AC:  7    Str: 15    XL:     5   Next: 0%
Magic:  5/5        EV: 11    Int:  9    God:
Gold:   119        SH:  0    Dex: 15    Spells: 4/4 levels left

rFire   . . .        Y - +0 shortbow
rCold   . . .        (shield currently unavailable)
rNeg    + . .        c - +0 leather armour
rPois   inf          (no helmet)
rElec   +            (no cloak)
rCorr   .            (no gloves)
SInv    .            (no boots)
Will    .....        (no amulet)
Stlth   +            (no ring)
HPRegen 0.25/turn    (no ring)
MPRegen 0.09/turn

%: no passive effects
@: confused
A: sickness immunity, AC +4, negative energy resistance 1, electricity
resistance, torment resistance 1, petrification resistance
a: no special abilities


You were on level 3 of the Dungeon.
You visited 1 branch of the dungeon, and saw 3 of its levels.

You collected 119 gold pieces.


Innate Abilities, Weirdness & Mutations

You are immune to sickness and miasma.
Your stone body is resilient. (AC +4)
You are immune to poison.
You resist negative energy. (rN+)
You are resistant to electric shocks. (rElec)
You are resistant to unholy torment.
You are immune to petrification.


   Skills:
 - Level 3.0 Fighting
 + Level 5.8 Ranged Weapons
 - Level 1.5 Dodging
 - Level 1.1 Stealth


You had 4 spell levels left.
You didn't know any spells.
Your spell library was empty.

Inventory:

Hand Weapons
 Y - a +0 shortbow (weapon)
Armour
 c - a +0 leather armour (worn)
 i - a +0 ring mail
Scrolls
 a - a scroll of brand weapon {unknown}
 f - a scroll of identify
 k - a scroll of enchant weapon {unknown}
 l - a scroll of teleportation
Potions
 d - a potion of resistance
 e - a potion of degeneration {unknown}
 g - a potion of ambrosia {unknown}
 h - a potion of enlightenment {unknown}
 j - 2 potions of invisibility {unknown}

Dungeon Overview and Level Annotations

Branches:
Dungeon (3/15)

Altars:


Message History

The arrow barely misses the ball python.
The ball python bites you. The ball python grabs you.
The ball python constricts you. Something hits you but does no damage.
You shoot an arrow.
The arrow closely misses the ball python.
The ball python bites you. The ball python constricts you. Something hits you.
The ball python bites you but does no damage.
The ball python constricts you.
You shoot an arrow.
The arrow closely misses the ball python.
The ball python closely misses you. The ball python constricts you.
Something hits you but does no damage.
You shoot an arrow. The arrow hits the ball python!
You kill the ball python!
Something hits you but does no damage.
You have reached level 5!
You shoot an arrow. Something hits you but does no damage.
You shoot an arrow.
You hear some strange, mumbled words.
A magic dart appears from out of thin air!
The magic dart hits you!
You shoot an arrow.
You hear some strange, mumbled words.
You are confused.
You shoot an arrow. Something hits you. Something hits you but does no damage.
You shoot an arrow.
You hear some strange, mumbled words.
You are more confused.
You shoot an arrow.
An orc wizard appears from thin air!
Reactivating autopickup.
The orc wizard casts a spell at you.
You are more confused.
The orc wizard closely misses you.
The orc wizard hits you but does no damage.
The orc wizard points at you and mumbles some strange words.
The puff of flame hits you!
You die...

#........................
##...>....(..............
##.......................
##.###.###.###.##.........
#...............#.........
#...##.###.###.##...........
#.#.#...........#.#........%
...#...##.###.##.).#.........
#.#
#.#.#...o@..#.#.#.........
#..
...#...##)##...#...(.......
#.
..#.#.#.#...#.#.#.#.........
... ...#...#.b.#...#######...
.. #.#.#.#. o#.#.#.# .... ...
...## ##... ... .# #.#. .#.#
#. ... ... .# #.


You could see an orc wizard.

Vanquished Creatures
  An orc wizard (D:3)
  3 adders
  A dart slug (D:2)
  6 orcs (D:3)
  5 ball pythons
  6 endoplasms
  6 giant cockroaches
  3 goblins
  A hobgoblin (D:2)
  7 jackals
  5 bats
  3 frilled lizards
  6 rats
53 creatures vanquished.

Notes
Turn   | Place    | Note
-------+----------+-------------------------------------------
     0 | D:1      | qw the Gargoyle Hunter began the quest for the Orb.
     0 | D:1      | Reached XP level 1. HP: 12/12 MP: 1/1
     0 | D:1      | 0 ||| qw: Version: 0.2-a-29-g511e9b1
     0 | D:1      | 0 ||| qw: Game counter: 5340
     0 | D:1      | 0 ||| qw: Always use a shield: true
     0 | D:1      | 0 ||| qw: God list: Okawaru
     0 | D:1      | 0 ||| qw: Allow faded altars: false
     0 | D:1      | 0 ||| qw: Do Orc after D:15 true
     0 | D:1      | 0 ||| qw: Do second Lair branch before Depths: true
     0 | D:1      | 0 ||| qw: Lair rune preference: random
     0 | D:1      | 0 ||| qw: Plans: Normal, Zot:1-4, Slime:5, God:TSO, Crypt,
                  | Tomb, Abyss, Pan, Hells, Win
     0 | D:1      | 0 ||| PLANNING D:1-11
   177 | D:1      | Reached XP level 2. HP: 17/17 MP: 2/2
   673 | D:1      | 673 ||| READING scroll labelled OGRURE KEAMOMEF.
   674 | D:1      | 674 ||| READING scroll labelled FOTHRE YMOARGHO.
   675 | D:1      | 675 ||| READING scroll labelled ZIMIXZUTEWN.
   678 | D:1      | 678 ||| READING scroll labelled FIH MOILOASEI.
   679 | D:1      | 679 ||| DROPPING scroll of butterflies.
   885 | D:2      | Reached skill level 5 in Ranged Weapons
   885 | D:2      | Reached XP level 3. HP: 15/21 MP: 3/3
  1006 | D:2      | Found a faded altar of an unknown god.
  1147 | D:2      | 1147 ||| READING scroll labelled RIDDYQ PYXIOPT.
  1162 | D:2      | 1162 ||| READING scroll labelled HAMONAXYVA.
  1163 | D:2      | 1163 ||| DRINKING 2 sapphire potions.
  1164 | D:2      | 1164 ||| READING 2 scrolls of identify.
  1164 | D:2      | 1164 ||| IDENTIFYING bubbling red potion
  1274 | D:3      | Reached skill level 3 in Fighting
  1290 | D:3      | Reached XP level 4. HP: 28/28 MP: 4/4
  1346 | D:3      | Identified the +6 scale mail "Izyvug" {Will+ Regen+ Dex-4}
  1357 | D:3      | 1357 ||| Stepping ~*~*~tactically~*~*~ (outnumbered).
  1359 | D:3      | 1359 ||| Stepping ~*~*~tactically~*~*~ (outnumbered).
  1361 | D:3      | 1361 ||| Stepping ~*~*~tactically~*~*~ (outnumbered).
  1363 | D:3      | 1363 ||| Stepping ~*~*~tactically~*~*~ (outnumbered).
  1618 | D:3      | 1618 ||| Stepping ~*~*~tactically~*~*~ (outnumbered).
  1633 | D:3      | 1633 ||| DRINKING potion of curing.
  1633 | D:3      | 1633 ||| (to cure confusion)
  1638 | D:3      | Reached XP level 5. HP: 12/32 MP: 5/5
  1639 | D:3      | HP: 4/32 [something/magic dart (8)]
  1646 | D:3      | Killed from afar by an orc wizard

Levels and vault maps discovered:
D:1:      co_arrival_square_in_a_square_in_a_square, layout_basic
D:2:      layout_rooms, shapermc_ecumenical_altar_mp_urbaneastern
D:3:      layout_basic, nicolae_concentric_dashed_squares_mild

Skill      XL: |  1  2  3 |
---------------+----------+-----
Ranged Weapons | 5 |  5.8
Fighting       | 3 |  3.0
Dodging        | |  1.5
Stealth        | |  1.1

Action                     |  1- 3 |  4- 6 || total
---------------------------+-------+-------++-------
   Fire: Shortbow          |    91 |    63 ||   154
    Use: Scroll            |     7 |       ||     7
         Potion            |     1 |     1 ||     2
 Armour: Leather armour    |    15 |    12 ||    27
  Dodge: Dodged            |    35 |    14 ||    49

Table legend:
 A = Non-vault XP
 B = Vault XP
 C = Vault XP percentage of total XP
 D = Non-vault monster count
 E = Vault monster count
 F = Vault count percentage of total count
                 A         B        C        D         E       F
            +---------+---------+-------+---------+---------+-------
      Total |     166 |       0 |   0.0 |      53 |       0 |   0.0
            +---------+---------+-------+---------+---------+-------
        D:1 |      23 |       0 |   0.0 |      14 |       0 |   0.0
        D:2 |      39 |       0 |   0.0 |      15 |       0 |   0.0
        D:3 |     104 |       0 |   0.0 |      24 |       0 |   0.0
            +---------+---------+-------+---------+---------+-------
